AoeStats
← 涂山红红

Arena

510260370Analyzed
4v4 RM · 18h ago on Sep 30, 2026· 67m 14s· 8 players
Game mode
Random Map
Map size
Large (8 player)
Population
200
Speed
Normal
Resources
Standard
Victory
Conquest
Starting age
Dark Age
Ending age
Imperial Age
RankedLock teamsTeams togetherTeam positionsShared explorationLock speedFull tech treeHidden civsTurbo modeCheats
Victory
Defeat
🇨🇳 Saxons · China
1749
+1
🇨🇳 Italians · China
1616
+2
🇨🇳 Turks · China
916
+22
🇨🇳 Tatars · China
901
+22
🇹🇼 Inca · Taiwan
1206
-14
🇹🇼 Cumans · Taiwan
1169
-12
🇫🇷 Japanese · France
1132
-11
🇨🇳 Varangians · China
1118
-10
a506b8123il
10:43 Feudal Age
15:15 Castle Age
13:15 Double-Bit Axe
13:29 Horse Collar
16:25 Bow Saw
19:42 Town Watch
23:10 Heavy Plow
24:50 Gold Mining
29:59 Imperial Age
27:18 Loom
28:09 Wheelbarrow
27:49 Fletching
28:23 Treadmill Crane
28:41 Bodkin Arrow
28:48 Andean Sling
29:30 Gold Shaft Mining
29:46 Thumb Ring
29:46 Padded Archer Armor
30:24 Fortified Wall
31:44 Chemistry
30:46 Bracer
31:09 Conscription
31:10 Leather Archer Armor
30:19 Elite Skirmisher
32:52 Hoardings
32:31 Guilds
33:07 Ring Archer Armor
32:53 Fortified Wall
33:14 Ballistics
35:16 Fortified Wall
35:33 Hand Cart
35:56 Capped Ram
37:18 Siege Engineers
38:55 Siege Ram
42:20 Crop Rotation
41:42 Stone Mining
42:23 Siege Ram
47:07 Stone Shaft Mining
47:20 Fabric Shields
47:58 Scale Mail Armor
48:17 Pikeman
48:58 Squires
49:14 Chain Mail Armor
49:10 Forging
49:26 Caravan
49:36 Halberdier
50:56 Plate Mail Armor
52:57 Iron Casting
52:37 Masonry
56:18 Blast Furnace
59:01 Herbal Medicine
62:23 Coinage
我的哈哈哈
10:55 Feudal Age
11:43 Double-Bit Axe
11:52 Horse Collar
12:10 Loom
14:46 Castle Age
17:51 Heavy Plow
22:03 Bow Saw
25:47 Wheelbarrow
26:35 Town Watch
26:58 Gold Mining
30:51 Imperial Age
28:08 Loom
28:40 Hand Cart
28:47 Scale Mail Armor
29:00 Forging
29:50 Squires
29:36 Gambesons
29:37 Arson
30:09 Chain Mail Armor
29:58 Stone Mining
32:17 Plate Mail Armor
32:54 Siege Engineers
33:23 Town Patrol
33:18 Capped Ram
33:26 Vendel Legacy
33:29 Gothikon
35:20 Conscription
35:55 Iron Casting
35:42 Elite Varangian Guard
36:07 Siege Ram
38:12 Blast Furnace
38:41 Chemistry
37:51 Masonry
39:27 Heavy Scorpion
40:55 Fletching
41:05 Padded Archer Armor
41:47 Stone Shaft Mining
41:16 Elite Skirmisher
41:54 Bodkin Arrow
42:59 Leather Archer Armor
43:51 Bracer
44:21 Ring Archer Armor
43:52 Vendel Legacy
44:05 Onager
45:56 Architecture
45:46 Ballistics
46:00 Architecture
47:10 Onager
47:49 Treadmill Crane
58:08 Pikeman
58:58 Halberdier
61:33 Caravan
67:13 Guard Tower
蛋雕
7:37 Loom
9:42 Feudal Age
10:31 Double-Bit Axe
11:05 Horse Collar
20:11 Castle Age
19:29 Wheelbarrow
20:09 Town Watch
20:13 Town Watch
20:22 Stone Mining
20:48 Scale Barding Armor
22:01 Bow Saw
23:58 Chain Barding Armor
23:17 Capped Ram
24:02 Gold Mining
24:51 Forging
25:17 Bloodlines
26:01 Fletching
27:56 Light Cavalry
29:34 Bodkin Arrow
30:23 Steppe Husbandry
33:23 Ballistics
33:57 Masonry
35:00 Gold Shaft Mining
36:59 Imperial Age
34:39 Heavy Plow
37:27 Hand Cart
37:13 Town Patrol
37:26 Murder Holes
46:36 Two-Man Saw
47:22 Hussar
48:58 Elite Skirmisher
49:53 Thumb Ring
51:45 Padded Archer Armor
52:30 Crop Rotation
52:54 Leather Archer Armor
54:10 Ring Archer Armor
55:44 Plate Barding Armor
56:28 Coinage
56:42 Iron Casting
59:01 Blast Furnace
59:50 Banking
61:32 Guilds
62:50 Elite Steppe Lancer
64:56 Chemistry
bpaquereau
10:57 Feudal Age
14:34 Castle Age
12:24 Double-Bit Axe
12:52 Horse Collar
15:41 Bow Saw
19:55 Heavy Plow
23:53 Wheelbarrow
24:31 Gold Mining
24:58 Stone Mining
27:48 Gold Shaft Mining
27:18 Scale Mail Armor
27:28 Forging
27:35 Squires
28:07 Hand Cart
27:41 Treadmill Crane
27:29 Pikeman
27:54 Arson
31:40 Imperial Age
30:14 Chain Mail Armor
30:35 Iron Casting
30:25 Ballistics
30:45 Fletching
32:09 Padded Archer Armor
32:23 Yasama
32:40 Thumb Ring
32:41 Bodkin Arrow
33:50 Chemistry
33:51 Two-Man Saw
33:25 Parthian Tactics
32:20 Heavy Cavalry Archer
33:46 Leather Archer Armor
33:05 Halberdier
34:01 Bracer
34:52 Conscription
35:14 Ring Archer Armor
34:57 Bloodlines
34:48 Husbandry
34:49 Guard Tower
34:44 Arrowslits
37:33 Keep
37:09 Masonry
37:47 Plate Mail Armor
38:18 Blast Furnace
37:27 Siege Engineers
37:54 Kataparuto
52:48 Elite Skirmisher
57:15 Hoardings
56:56 Fortified Wall
57:12 Gambesons
56:47 Man-at-Arms
57:10 Elite Samurai
59:15 Long Swordsman
59:53 Two-Handed Swordsman
61:14 Champion
63:32 Coinage
63:02 Caravan
爱炸房的鳄鱼
9:53 Feudal Age
10:58 Double-Bit Axe
11:29 Loom
14:16 Castle Age
13:00 Gold Mining
12:57 Double-Bit Axe
13:56 Stone Mining
14:29 Fletching
21:02 Padded Archer Armor
22:25 Bodkin Arrow
29:35 Leather Archer Armor
33:07 Imperial Age
31:50 Ballistics
32:54 Bow Saw
34:53 Chemistry
35:04 Bracer
36:36 Fortified Wall
51:38 Wheelbarrow
52:19 Light Cavalry
53:35 Horse Collar
54:40 Scale Barding Armor
54:49 Bloodlines
55:05 Hand Cart
54:35 Town Watch
55:42 Forging
57:37 Conscription
57:28 Heavy Plow
59:29 Ring Archer Armor
59:00 Scale Mail Armor
59:43 Thumb Ring
60:04 Pirotechnia
61:19 Coinage
61:19 Pikeman
63:16 Capped Ram
64:51 Chain Mail Armor
65:12 Bombard Tower
65:03 Masonry
64:34 Treadmill Crane
64:49 Murder Holes
66:15 Silk Road
66:34 Elite Skirmisher
67:39 Town Patrol
67:51 Caravan
涂山红红
0:26 Loom
11:11 Feudal Age
15:29 Castle Age
13:40 Double-Bit Axe
21:30 Horse Collar
23:20 Bow Saw
25:36 Wheelbarrow
26:37 Heavy Plow
26:29 Gold Mining
27:17 Hand Cart
30:02 Gold Shaft Mining
32:18 Imperial Age
29:56 Stone Mining
30:42 Treadmill Crane
31:24 Ballistics
31:13 Padded Archer Armor
32:48 Leather Archer Armor
35:47 Two-Man Saw
34:51 Elite Janissary
35:52 Conscription
37:21 Ring Archer Armor
42:10 Artillery
55:18 Forging
55:14 Scale Barding Armor
57:05 Husbandry
57:15 Bloodlines
58:17 Chain Barding Armor
58:32 Iron Casting
60:21 Plate Barding Armor
61:13 Blast Furnace
有缘再见
9:12 Loom
10:57 Feudal Age
16:38 Castle Age
14:27 Double-Bit Axe
14:38 Horse Collar
16:20 Gold Mining
18:59 Bow Saw
18:51 Heavy Plow
21:40 Gold Shaft Mining
22:00 Wheelbarrow
25:56 Fletching
26:38 Stone Mining
27:10 Hand Cart
30:39 Bodkin Arrow
30:45 Padded Archer Armor
33:27 Imperial Age
33:08 Leather Archer Armor
34:16 Bracer
34:46 Ring Archer Armor
34:11 Heavy Cavalry Archer
35:06 Bloodlines
34:57 Husbandry
36:14 Silk Armor
36:36 Conscription
36:31 Scale Barding Armor
36:37 Forging
37:55 Ballistics
38:35 Chemistry
37:48 Elite Keshik
39:39 Chain Barding Armor
39:54 Iron Casting
42:23 Plate Barding Armor
42:49 Blast Furnace
42:57 Light Cavalry
44:24 Hussar
56:03 Timurid Siegecraft
67:38 Crop Rotation
爱睡觉的鳄鱼
10:36 Feudal Age
11:20 Double-Bit Axe
14:09 Castle Age
12:28 Double-Bit Axe
12:48 Horse Collar
15:13 Bow Saw
17:42 Wheelbarrow
21:06 Heavy Plow
23:34 Hand Cart
23:57 Gold Mining
23:57 Stone Mining
27:27 Imperial Age
25:56 Fletching
26:07 Padded Archer Armor
26:56 Bodkin Arrow
27:23 Ballistics
27:53 Leather Archer Armor
26:59 Crossbowman
27:45 Thumb Ring
27:40 Arbalester
28:36 Bracer
28:43 Loom
28:43 Town Watch
30:09 Chemistry
30:13 Conscription
30:56 Ring Archer Armor
30:28 Scale Mail Armor
31:10 Forging
30:41 Treadmill Crane
31:06 Squires
30:52 Arson
31:22 Town Patrol
32:38 Coinage
32:19 Guilds
32:07 Guard Tower
32:03 Arrowslits
32:51 Masonry
33:17 Chain Mail Armor
33:37 Iron Casting
34:18 Hoardings
33:49 Siege Engineers
34:48 Plate Mail Armor
35:02 Architecture
34:50 Shield Wall
36:10 Banking
35:47 Elite Hearth Troop
37:46 Keep
37:08 Murder Holes
39:43 Two-Man Saw
39:14 Crop Rotation
41:30 Elite Varangian Guard
45:39 Elite Skirmisher
52:48 Stone Mining
55:29 Fortified Wall
60:44 Caravan
Connection lost

Rejoining the realm…

Still unreachable

The connection could not be restored.

Session expired

The server has moved on; the page needs a fresh start.